TOP OF THE 1ST |
Surrey Sinners batting - Pitching for Seattle Rainiers : RHP Bud Baldwin
|
Pitching: RHP Bud Baldwin
|
|
Batting: RHB Carlos Rodríguez
|
0-0: Ball 1-0: Foul Ball, location: 2F 1-1: Ground out 6-3 (Groundball, 6M)
|
Batting: RHB Jesús Gonzáles
|
0-0: Called Strike 0-1: Ground out 5-3 (Groundball, 5S)
|
Batting: LHB Nick English
|
0-0: Ball 1-0: Called Strike 1-1: Ball 2-1: Foul Ball, location: 2F 2-2: Ball 3-2: Base on Balls
|
Batting: RHB Júlio Figueroa
|
0-0: Called Strike 0-1: Ball 1-1: Ball 2-1: Ground out 6-3 (Groundball, 56)
|
Top of the 1st over - 0 run(s), 0 hit(s), 0 error(s), 1 left on base; Surrey 0 - Seattle 0 |
BOTTOM OF THE 1ST |
Seattle Rainiers batting - Pitching for Surrey Sinners : RHP Ben Evans
|
Pitching: RHP Ben Evans
|
|
Batting: RHB Aaron Holt
|
0-0: Ball 1-0: Swinging Strike 1-1: Swinging Strike 1-2: Foul Ball, location: 2F 1-2: Strikes out swinging
|
Batting: RHB Pedro Rodríguez
|
0-0: Called Strike 0-1: Ball 1-1: Ball 2-1: Ball 3-1: Base on Balls
|
Batting: LHB Brian Boone
|
0-0: Ball 1-0: Ball 2-0: Called Strike 2-1: Ball 3-1: Swinging Strike 3-2: Foul Ball, location: 2F 3-2: Foul Ball, location: 2F 3-2: Foul Ball, location: 2F 3-2: Foul Ball, location: 2F 3-2: Foul Ball, location: 2F 3-2: Base on Balls Pedro Rodríguez to second
|
Batting: SHB Glenn Vadnais
|
0-0: Ball 1-0: Swinging Strike 1-1: Foul Ball, location: 2F 1-2: Strikes out swinging
|
Batting: RHB Alejandro Ramos
|
0-0: Fly out, F3 (Popup, 3)
|
Bottom of the 1st over - 0 run(s), 0 hit(s), 0 error(s), 2 left on base; Surrey 0 - Seattle 0 |
TOP OF THE 2ND |
Surrey Sinners batting - Pitching for Seattle Rainiers : RHP Bud Baldwin
|
Batting: RHB Steve Bender
|
0-0: Ball 1-0: Called Strike 1-1: Ground out 1-3 (Groundball, 23)
|
Batting: RHB Cooper Richard
|
0-0: Called Strike 0-1: Foul Ball, location: 2F 0-2: Ball 1-2: Ball 2-2: Strikes out swinging
|
Batting: RHB Omar Tobías
|
0-0: Swinging Strike 0-1: Called Strike 0-2: Foul Ball, location: 2F 0-2: Ball 1-2: Strikes out swinging
|
Top of the 2nd over - 0 run(s), 0 hit(s), 0 error(s), 0 left on base; Surrey 0 - Seattle 0 |
BOTTOM OF THE 2ND |
Seattle Rainiers batting - Pitching for Surrey Sinners : RHP Ben Evans
|
Batting: RHB Vincent Fields
|
0-0: Foul Ball, location: 2F 0-1: Ball 1-1: Swinging Strike 1-2: Strikes out swinging
|
Batting: LHB Juan Viera
|
0-0: DOUBLE (Groundball, 3L)
|
Batting: SHB Francisco Lópes
|
0-0: Ball Juan Viera steals 3rd base 1-0: Called Strike 1-1: SINGLE (Line Drive, 6MD) Juan Viera scores
|
Batting: RHB Bill Dawson
|
0-0: Ball 1-0: Ball 2-0: Foul Ball, location: 2F 2-1: Called Strike 2-2: Strikes out swinging
|
Batting: RHB Aaron Holt
|
0-0: Foul Ball, location: 2F 0-1: Ball 1-1: Ball 2-1: Swinging Strike 2-2: Ball 3-2: Strikes out looking
|
Bottom of the 2nd over - 1 run(s), 2 hit(s), 0 error(s), 1 left on base; Surrey 0 - Seattle 1 |
TOP OF THE 3RD |
Surrey Sinners batting - Pitching for Seattle Rainiers : RHP Bud Baldwin
|
Batting: LHB Larry Howard
|
0-0: Called Strike 0-1: Ground out U3 (Groundball, 3S)
|
Batting: LHB Edmund Ross
|
0-0: Called Strike 0-1: Ground out 6-3 (Groundball, 6M)
|
Batting: RHB Carlos Rodríguez
|
0-0: Ball 1-0: Ball 2-0: Ball 3-0: Called Strike 3-1: Base on Balls
|
Batting: RHB Jesús Gonzáles
|
0-0: Ball 1-0: Ball Carlos Rodríguez steals 2nd base 2-0: Foul Ball, location: 2F 2-1: SINGLE (Groundball, 4D) Carlos Rodríguez to third Runner from 3rd tries for Home, SAFE, no throw or cutoff
|
Batting: LHB Nick English
|
0-0: Ball 1-0: Foul Ball, location: 2F 1-1: Ball 2-1: SINGLE (Line Drive, 9S) Jesús Gonzáles to second
|
Batting: RHB Júlio Figueroa
|
0-0: Ball 1-0: Fielders Choice at 2nd, U4 (Groundball, 4M)
|
Top of the 3rd over - 1 run(s), 2 hit(s), 0 error(s), 2 left on base; Surrey 1 - Seattle 1 |
BOTTOM OF THE 3RD |
Seattle Rainiers batting - Pitching for Surrey Sinners : RHP Ben Evans
|
Batting: RHB Pedro Rodríguez
|
0-0: Ball 1-0: Called Strike 1-1: Swinging Strike 1-2: Strikes out looking
|
Batting: LHB Brian Boone
|
0-0: Called Strike 0-1: Ball 1-1: DOUBLE (Line Drive, 89M)
|
Batting: SHB Glenn Vadnais
|
0-0: Called Strike Throwing error on steal attempt, E2 Brian Boone scores 0-1: Foul Ball, location: 2F 0-2: Ball 1-2: Ball 2-2: Ball 3-2: Base on Balls
|
Batting: RHB Alejandro Ramos
|
0-0: Ball 1-0: Foul Ball, location: 2F 1-1: Called Strike 1-2: SINGLE (Groundball, 56) Glenn Vadnais to second
|
Batting: RHB Vincent Fields
|
0-0: Ball 1-0: Ball 2-0: Foul Ball, location: 2F 2-1: Ball 3-1: Base on Balls Glenn Vadnais to third Alejandro Ramos to second
|
Batting: LHB Juan Viera
|
0-0: Ball 1-0: Foul Ball, location: 2F 1-1: Swinging Strike 1-2: Foul Ball, location: 2F 1-2: Foul Ball, location: 2F 1-2: Ball 2-2: Ball 3-2: Base on Balls Glenn Vadnais scores Alejandro Ramos to third Vincent Fields to second
|
Batting: SHB Francisco Lópes
|
0-0: Fly out, F8 (Flyball, 8RM)
|
Batting: RHB Bill Dawson
|
0-0: Called Strike 0-1: Called Strike 0-2: Ball 1-2: SINGLE (Groundball, 56D) Alejandro Ramos scores Vincent Fields to third Juan Viera to second Runner from 3rd tries for Home, SAFE, no throw or cutoff
|
Batting: RHB Aaron Holt
|
0-0: SINGLE (Groundball, 34) (infield hit) Juan Viera to third Bill Dawson to second
|
Batting: RHB Pedro Rodríguez
|
0-0: Ball 1-0: Called Strike 1-1: Foul Ball, location: 2F 1-2: Strikes out swinging
|
Bottom of the 3rd over - 4 run(s), 4 hit(s), 1 error(s), 3 left on base; Surrey 1 - Seattle 5 |
TOP OF THE 4TH |
Surrey Sinners batting - Pitching for Seattle Rainiers : RHP Bud Baldwin
|
Batting: RHB Steve Bender
|
0-0: Foul Ball, location: 2F 0-1: Foul Ball, location: 2F 0-2: Ball 1-2: SINGLE (Groundball, 56D)
|
Batting: RHB Cooper Richard
|
0-0: Ball 1-0: Ball 2-0: Ball 3-0: Base on Balls Steve Bender to second
|
Batting: RHB Omar Tobías
|
0-0: Ball 1-0: Ball 2-0: Ball 3-0: Called Strike 3-1: Called Strike 3-2: Strikes out looking
|
Batting: LHB Larry Howard
|
0-0: Called Strike 0-1: Ball Wild Pitch! Steve Bender to third Cooper Richard to second 1-1: Ball 2-1: Called Strike 2-2: Strikes out swinging
|
Batting: LHB Edmund Ross
|
0-0: Ball 1-0: Ball 2-0: Called Strike 2-1: Fly out, F8 (Flyball, 8RM)
|
Top of the 4th over - 0 run(s), 1 hit(s), 0 error(s), 2 left on base; Surrey 1 - Seattle 5 |
BOTTOM OF THE 4TH |
Seattle Rainiers batting - Pitching for Surrey Sinners : RHP Ben Evans
|
Pitching: RHP José López
|
|
Batting: LHB Brian Boone
|
0-0: Ball 1-0: Ball 2-0: Ball 3-0: Base on Balls
|
Batting: SHB Glenn Vadnais
|
0-0: Called Strike Brian Boone steals 2nd base 0-1: Swinging Strike 0-2: Strikes out swinging
|
Batting: RHB Alejandro Ramos
|
0-0: Foul Ball, location: 2F 0-1: Called Strike 0-2: Ball 1-2: SINGLE (Groundball, 56) Brian Boone to third Runner from 3rd tries for Home, SAFE, no throw or cutoff
|
Batting: RHB Vincent Fields
|
0-0: Ball 1-0: Foul Ball, location: 2F 1-1: Swinging Strike 1-2: Foul Ball, location: 2F 1-2: Ball 2-2: Ball 3-2: Base on Balls Alejandro Ramos to second
|
Batting: LHB Juan Viera
|
0-0: Called Strike 0-1: Foul Ball, location: 2F 0-2: Ball 1-2: Ball 2-2: DOUBLE (Flyball, 9M) Alejandro Ramos scores Vincent Fields to third
|
Batting: SHB Francisco Lópes
|
0-0: Swinging Strike 0-1: Fly out, F1 (Line Drive, 15S)
|
Batting: RHB Bill Dawson
|
0-0: Ball 1-0: Ball 2-0: Foul Ball, location: 2F 2-1: Ball 3-1: Foul Ball, location: 2F 3-2: Base on Balls
|
Batting: RHB Aaron Holt
|
0-0: Called Strike 0-1: Foul Ball, location: 2F 0-2: Foul Ball, location: 2F 0-2: Strikes out swinging
|
Bottom of the 4th over - 2 run(s), 2 hit(s), 0 error(s), 3 left on base; Surrey 1 - Seattle 7 |
TOP OF THE 5TH |
Surrey Sinners batting - Pitching for Seattle Rainiers : RHP Bud Baldwin
|
Batting: RHB Carlos Rodríguez
|
0-0: Ball 1-0: Foul Ball, location: 2F 1-1: Ball 2-1: Ball 3-1: Foul Ball, location: 2F 3-2: Base on Balls
|
Batting: RHB Jesús Gonzáles
|
0-0: Called Strike 0-1: Ball 1-1: Called Strike 1-2: Ground out U3 (Groundball, 3S) Carlos Rodríguez to second
|
Pitching: LHP Jeff Stevenson
|
|
Batting: LHB Nick English
|
0-0: Called Strike 0-1: Ball 1-1: Ball 2-1: SINGLE (Groundball, 3S) (infield hit) Carlos Rodríguez to third
|
Batting: RHB Júlio Figueroa
|
0-0: Ball 1-0: Foul Ball, location: 2F 1-1: Fly out, F7 (Line Drive, 7LM) Runner from 3rd tags up, SCORES, no throw
|
Batting: RHB Steve Bender
|
0-0: Ball 1-0: SINGLE (Groundball, 56D) Nick English to second
|
Batting: RHB Cooper Richard
|
0-0: Ball 1-0: SINGLE (Line Drive, 56) Nick English to third Steve Bender to second Runner from 3rd tries for Home, SAFE, no throw or cutoff
|
Batting: RHB Omar Tobías
|
0-0: Called Strike 0-1: Swinging Strike 0-2: Foul Ball, location: 2F 0-2: Strikes out looking
|
Top of the 5th over - 2 run(s), 3 hit(s), 0 error(s), 2 left on base; Surrey 3 - Seattle 7 |
BOTTOM OF THE 5TH |
Seattle Rainiers batting - Pitching for Surrey Sinners : RHP José López
|
Batting: RHB Pedro Rodríguez
|
0-0: Ball 1-0: Ball 2-0: Foul Ball, location: 2F 2-1: Ball 3-1: Foul Ball, location: 2F 3-2: Fly out, F9 (Flyball, 9M)
|
Batting: LHB Brian Boone
|
0-0: Ball 1-0: Called Strike 1-1: Ball 2-1: Ball 3-1: Called Strike 3-2: SINGLE (Line Drive, 5D)
|
Batting: SHB Glenn Vadnais
|
0-0: Ball 1-0: Ball Brian Boone steals 2nd base 2-0: Intentional Walk
|
Batting: RHB Alejandro Ramos
|
0-0: Foul Ball, location: 2F 0-1: SINGLE (Groundball, 56D) Brian Boone to third Glenn Vadnais to second Runner from 3rd tries for Home, SAFE, no throw or cutoff
|
Batting: RHB Vincent Fields
|
0-0: Called Strike 0-1: Foul Ball, location: 2F 0-2: Ball 1-2: DOUBLE (Line Drive, 7D) Glenn Vadnais scores Alejandro Ramos to third Runner from 3rd tries for Home, SAFE, throw made home
|
Pitching: RHP Phil Parker
|
|
Batting: LHB Juan Viera
|
0-0: Ball 1-0: Ball Vincent Fields steals 3rd base 2-0: SINGLE (Line Drive, 9LS) Vincent Fields scores
|
Batting: SHB Francisco Lópes
|
0-0: Foul Ball, location: 2F 0-1: Fly out, F4 (Popup, 4D)
|
Batting: RHB Bill Dawson
|
0-0: Ball Juan Viera steals 2nd base 1-0: Ball 2-0: Called Strike 2-1: Foul Ball, location: 2F 2-2: Strikes out swinging
|
Bottom of the 5th over - 4 run(s), 4 hit(s), 0 error(s), 1 left on base; Surrey 3 - Seattle 11 |
TOP OF THE 6TH |
Surrey Sinners batting - Pitching for Seattle Rainiers : LHP Jeff Stevenson
|
Batting: LHB Larry Howard
|
0-0: Ball 1-0: Foul Ball, location: 2F 1-1: Ball 2-1: Foul Ball, location: 2F 2-2: Strikes out swinging
|
Batting: LHB Edmund Ross
|
0-0: Ball 1-0: Called Strike 1-1: Foul Ball, location: 2F 1-2: Ball 2-2: Strikes out looking
|
Batting: RHB Carlos Rodríguez
|
0-0: Ball 1-0: Ball 2-0: Ball 3-0: Base on Balls
|
Batting: RHB Jesús Gonzáles
|
0-0: Called Strike 0-1: Foul Ball, location: 2F 0-2: Ball 1-2: Strikes out looking
|
Top of the 6th over - 0 run(s), 0 hit(s), 0 error(s), 1 left on base; Surrey 3 - Seattle 11 |
BOTTOM OF THE 6TH |
Seattle Rainiers batting - Pitching for Surrey Sinners : RHP Phil Parker
|
Batting: RHB Aaron Holt
|
0-0: Fly out, F8 (Flyball, 8LM)
|
Batting: RHB Pedro Rodríguez
|
0-0: Ball 1-0: Ball 2-0: SINGLE (Line Drive, 9LM)
|
Batting: LHB Brian Boone
|
0-0: Foul Ball, location: 2F 0-1: Ball 1-1: Fly out, F7 (Flyball, 7M)
|
Batting: SHB Glenn Vadnais
|
0-0: Called Strike 0-1: Ground out 4-3 (Groundball, 4)
|
Bottom of the 6th over - 0 run(s), 1 hit(s), 0 error(s), 1 left on base; Surrey 3 - Seattle 11 |
TOP OF THE 7TH |
Surrey Sinners batting - Pitching for Seattle Rainiers : LHP Jeff Stevenson
|
Pitching: RHP Pete Taylor
|
|
Batting: LHB Nick English
|
0-0: Ball 1-0: Foul Ball, location: 2F 1-1: Foul Ball, location: 2F 1-2: Strikes out swinging
|
Batting: RHB Júlio Figueroa
|
0-0: Ball 1-0: Ball 2-0: Called Strike 2-1: Ball 3-1: Base on Balls
|
Batting: RHB Steve Bender
|
0-0: Called Strike 0-1: Ball 1-1: Fielders Choice at 2nd, 6-4 (Groundball, 6)
|
Batting: RHB Cooper Richard
|
0-0: Called Strike 0-1: Foul Ball, location: 2F 0-2: Ball 1-2: Strikes out swinging
|
Top of the 7th over - 0 run(s), 0 hit(s), 0 error(s), 1 left on base; Surrey 3 - Seattle 11 |
BOTTOM OF THE 7TH |
Seattle Rainiers batting - Pitching for Surrey Sinners : RHP Phil Parker
|
Batting: RHB Alejandro Ramos
|
0-0: Ground out 6-3 (Groundball, 6M)
|
Pitching: LHP Luis Perea
|
|
Batting: RHB Vincent Fields
|
0-0: Called Strike 0-1: Swinging Strike 0-2: Strikes out swinging, 2-3 out at first.
|
Batting: LHB Juan Viera
|
0-0: Foul Ball, location: 2F 0-1: Ball 1-1: Ball 2-1: Called Strike 2-2: Ball 3-2: Base on Balls
|
Batting: SHB Francisco Lópes
|
0-0: Called Strike 0-1: Ball 1-1: Called Strike 1-2: Strikes out looking
|
Bottom of the 7th over - 0 run(s), 0 hit(s), 0 error(s), 1 left on base; Surrey 3 - Seattle 11 |
TOP OF THE 8TH |
Surrey Sinners batting - Pitching for Seattle Rainiers : RHP Pete Taylor
|
Batting: RHB Omar Tobías
|
0-0: Called Strike 0-1: Ball 1-1: Foul Ball, location: 2F 1-2: Ball 2-2: Foul Ball, location: 2F 2-2: Ground out 5-3 (Groundball, 5)
|
Batting: LHB Larry Howard
|
0-0: Ball 1-0: Called Strike 1-1: Foul Ball, location: 2F 1-2: Ball 2-2: Strikes out looking
|
Batting: LHB Edmund Ross
|
0-0: Ball 1-0: Swinging Strike 1-1: Swinging Strike 1-2: Foul Ball, location: 2F 1-2: Foul Ball, location: 2F 1-2: Strikes out swinging
|
Top of the 8th over - 0 run(s), 0 hit(s), 0 error(s), 0 left on base; Surrey 3 - Seattle 11 |
BOTTOM OF THE 8TH |
Seattle Rainiers batting - Pitching for Surrey Sinners : LHP Luis Perea
|
Batting: RHB Bill Dawson
|
0-0: Ball 1-0: SINGLE (Line Drive, 4MD)
|
Batting: RHB Aaron Holt
|
0-0: Called Strike Bill Dawson steals 2nd base 0-1: Ball 1-1: Foul Ball, location: 2F 1-2: DOUBLE (Flyball, 78M) Bill Dawson scores
|
Batting: RHB Pedro Rodríguez
|
0-0: Ball 1-0: Ball 2-0: Ball 3-0: Base on Balls
|
Batting: LHB Brian Boone
|
0-0: Ball 1-0: Swinging Strike 1-1: Ball 2-1: Foul Ball, location: 2F 2-2: Ball 3-2: Base on Balls Aaron Holt to third Pedro Rodríguez to second
|
Batting: SHB Glenn Vadnais
|
0-0: Swinging Strike 0-1: Ball 1-1: Fly out, F7 (Flyball, 7D) Runner from 3rd tags up, SCORES, no throw
|
Batting: RHB Alejandro Ramos
|
0-0: Ball 1-0: Called Strike 1-1: Swinging Strike 1-2: Grounds into double play, 5-4-3 (Groundball, 5)
|
Bottom of the 8th over - 2 run(s), 2 hit(s), 0 error(s), 1 left on base; Surrey 3 - Seattle 13 |
TOP OF THE 9TH |
Surrey Sinners batting - Pitching for Seattle Rainiers : RHP Pete Taylor
|
Batting: RHB Carlos Rodríguez
|
0-0: Foul Ball, location: 2F 0-1: Ground out 5-3 (Groundball, 56)
|
Batting: RHB Jesús Gonzáles
|
0-0: Swinging Strike 0-1: Swinging Strike 0-2: Ball 1-2: Ball 2-2: Ball 3-2: Strikes out swinging
|
Batting: LHB Nick English
|
0-0: Ground out 4-3 (Groundball, 34)
|
Top of the 9th over - 0 run(s), 0 hit(s), 0 error(s), 0 left on base; Surrey 3 - Seattle 13 |
|